 Dungeon Crawl Stone Soup version 0.28.0-49-g6dfe1f597d (console) character file.

Game seed: 14318721291502688089

331 Faeu the Chopper (level 6, 0/79 HPs)
             Began as a Minotaur Berserker on May 15, 2022.
             Was a Priest of Trog.
             Slain by an orc wizard
             ... wielding a +0 dagger
              (2 damage)
             ... on level 4 of the Dungeon.
             The game lasted 00:04:33 (4427 turns).

Faeu the Chopper (Minotaur Berserker)               Turns: 4427, Time: 00:04:34

Health: 0/79       AC:  2    Str: 23    XL:     6   Next: 26%
Magic:  5/5        EV: 12    Int:  4    God:    Trog [***...]
Gold:   244        SH:  0    Dex: 10    Spells: 5/5 levels left

rFire   . . .      SeeInvis .   n - +0 hand axe (elec) {axe}
rCold   . . .      Faith    .   (no shield)
rNeg    + . .      Spirit   .   b - +0 animal skin
rPois   .          Reflect  .   (helmet restricted)
rElec   .          Harm     .   (no cloak)
rCorr   .          Rampage  .   (no gloves)
Will    .....                   (no boots)
Stlth   ..........              (no amulet)
HPRegen 0.23/turn               c - ring of positive energy
MPRegen 0.09/turn               (no ring)

@: berserking, very quick
A: horns 2, retaliatory headbutt
a: Renounce Religion, Berserk, Trog's Hand


You were on level 4 of the Dungeon.
You worshipped Trog.
Trog was most pleased with you.
You visited 1 branch of the dungeon, and saw 4 of its levels.

You collected 244 gold pieces.


Innate Abilities, Weirdness & Mutations

You have a pair of horns on your head.
You reflexively headbutt those who attack you in melee.


   Skills:
 - Level 4.6 Fighting
 + Level 6.9 Axes
 - Level 3.7 Armour
 - Level 3.4 Dodging


You had 5 spell levels left.
You didn't know any spells.
Your spell library contained the following spells:

 Spells                   Type           Power      Damage    Failure   Level
 Tukima's Dance           Hex            0%         N/A       86%         3
 Passage of Golubria      Tloc           0%         N/A       99%         4
 Yara's Violent Unravell  Hex/Tmut       0%         3d3       100%        5

Inventory:

Hand Weapons
 a - a +0 hand axe {axe}
 n - a +0 hand axe of electrocution (weapon) {axe}
   (You took it off an orc on level 3 of the Dungeon)
 o - a +0 flail of holy wrath {mace}
   (You took it off an orc on level 3 of the Dungeon)
Missiles
 t - 2 boomerangs (quivered) {throwing}
Armour
 b - a +0 animal skin (worn)
Jewellery
 c - a ring of positive energy (left hand)
   (You found it on level 1 of the Dungeon)
 d - a ring of magical power
   (You found it on level 1 of the Dungeon)
Scrolls
 e - 3 scrolls of identify {unknown}
 f - a scroll of vulnerability {unknown}
 g - 3 scrolls of noise {unknown}
 h - a scroll of teleportation {unknown}
 k - a scroll of enchant weapon {unknown}
 p - a scroll of immolation {unknown}
 q - 2 scrolls of blinking {unknown}
Potions
 i - 2 potions of haste {unknown}
 j - a potion of heal wounds {unknown}
 l - a potion of brilliance {unknown}
 m - a potion of flight {unknown}
 r - 2 potions of degeneration {unknown}
 s - a potion of curing {unknown}

Dungeon Overview and Level Annotations

Branches:
Dungeon (4/15)             Temple (0/1) D:4

Altars:
Fedhas
Makhleb
Ru
Trog
Vehumet
Xom

Shops:
D:2

: ##### ...... ......
...... ....#### #.....#
#..{).# #..)@.#
#.....##+## #####.....#
#.....# #.....# #####
#.....# #...#####.....###
#...#............
#...#............
#...#..##################
#...#..#.................


There were no monsters in sight!


Message History

You now have 244 gold pieces (gained 13).
A ball python comes into view.
The ball python hisses angrily.
A ball python is nearby!
A ball python is nearby!
You slash the ball python!
You kill the ball python!
Trog accepts your kill.
You open the door.
There is an open door here.
e - 3 scrolls labelled BIC LAIBIALETU (gained 1)
There is an open door here.
An orc and an orc priest come into view.
The orc priest shouts!
An orc wizard comes into view. It is wielding a +0 dagger.
An orc wizard comes into view. It is wielding a +0 dagger.
There are monsters nearby!
The orc shouts!
The orc wizard shouts! x2
There are monsters nearby!
You barely miss the orc priest.
The orc priest hits you with a +0 mace. 😕 HP[-2]
You take 2 damage, and now have 51/53 hp.
There are monsters nearby!
You hit the orc priest. Your headbutt misses the orc priest.
The orc priest hits you with a +0 mace.
The orc wizard casts a spell.
The orc wizard flickers and vanishes!
Deactivating autopickup; reactivate with Ctrl-A. 😕 HP[-6]
You take 6 damage, and now have 45/53 hp.
The orc priest closely misses you.
You completely miss the orc priest. You hit the orc.
Lightning courses through the orc!
You kill the orc!
Trog accepts your kill.
You hit the orc wizard but do no damage.
Lightning courses through the orc wizard!!
You kill the orc wizard!
Trog accepts your kill.
Trog appreciates your killing of a magic user.
The orc priest hits you with a +0 mace. 😕 HP[-1]
You take 1 damage, and now have 44/53 hp.
You barely miss the orc priest. You headbutt the orc priest.
You barely miss something. The orc priest barely misses you.
You hear some strange, mumbled words.
A magic dart appears from out of thin air!
The magic dart hits you! 😮 HP[-9]
You take 9 damage, and now have 35/53 hp.
You slash the orc priest! You miss something.
The orc priest invokes the aid of Beogh against you.
Beogh smites you!
* * * LOW HITPOINT WARNING * * *
Something barely misses you. 😨 HP[-14]
You take 14 damage, and now have 21/53 hp.
MASSIVE DAMAGE!! (PAUSE)
You miss something. Your headbutt misses something.
You closely miss the orc priest.
The orc priest invokes the aid of Beogh against you.
Beogh smites you!
* * * LOW HITPOINT WARNING * * *
Something hits you.
* * * LOW HITPOINT WARNING * * *
😱 HP[-15]
You take 15 damage, and now have 6/53 hp.
MASSIVE DAMAGE!! (PAUSE)
A red film seems to cover your vision as you go berserk!
You feel yourself moving faster!
You feel mighty! The orc priest barely misses you.
Something hits you but does no damage. 😱 HP[+4]
You now have 79 max hp (+26).
You regained 4 hp, and now have 10/79 hp.
You barely miss something. Your headbutt misses something.
You barely miss the orc priest. You barely miss the orc priest.
You miss something. The orc priest hits you with a +0 mace.
* * * LOW HITPOINT WARNING * * *
You hear some strange, mumbled words.
Something tries to affect you, but you resist. 😱 HP[-3]
You take 3 damage, and now have 7/79 hp.
You closely miss something.
You hit the orc priest but do no damage.
The orc priest hits you with a +0 mace.
* * * LOW HITPOINT WARNING * * *
😱 HP[-3]
You take 3 damage, and now have 4/79 hp.
You slash the orc priest!
You feel the power of Trog in you as your rage grows.
You kill the orc priest!
Trog accepts your kill.
You slash something! Something hits you.
* * * LOW HITPOINT WARNING * * *
😱 HP[-2]
You take 2 damage, and now have 2/79 hp.
You closely miss something. You hit something. Something hits you.
You die...

Skill      XL: |  1  2  3  4  5 |
---------------+----------------+-----
Fighting       | 4 |  4.6
Axes           | 4 6 |  6.9
Armour         | 3 |  3.7
Dodging        | 3 |  3.4

Action                   |  1- 3 |  4- 6 || total
-------------------------+-------+-------++-------
Melee: Hand axe          |    76 |   135 ||   211
       Headbutt          |     5 |    21 ||    26
       Punch             |     1 |     1 ||     2
Invok: Berserk           |       |     3 ||     3
 Stab: Sleeping          |       |     1 ||     1
Armor: Animal skin       |     7 |    13 ||    20
Dodge: Dodged            |    61 |    77 ||   138

Levels and vault maps discovered:
D:1:      dpeg_arrival_arbitrary_c, layout_basic,
          hellmonk_ecumenical_altar_prayer_group, dk_noncrumbling_2
D:2:      cheibrodos_greedy_goblins, layout_basic, serial_shops, shop
D:3:      layout_rooms, grunt_temple_overflow_open, kennysheep_generic_room_9
D:4:      minmay_recursive_quarters, layout_gridville,
          minmay_temple_entry_from_below_b, hangedman_abyss_or_decor_lesser_grid

Notes
Turn   | Place    | Note
-------+----------+-------------------------------------------
     0 | D:1      | Faeu the Minotaur Berserker began the quest for the Orb.
     0 | D:1      | Reached XP level 1. HP: 19/19 MP: 0/0
     0 | D:1      | magus.rc [v1.9.6]
   497 | D:1      | Reached XP level 2. HP: 27/27 MP: 1/1
   501 | D:1      | Found a faded altar of an unknown god.
   664 | D:1      | You add the spells Tukima's Dance, Passage of Golubria and
                  | Yara's Violent Unravelling to your library.
  1040 | D:1      | Reached skill level 4 in Fighting
  1040 | D:1      | Reached skill level 4 in Axes
  1479 | D:1      | Reached skill level 3 in Armour
  1479 | D:1      | Reached XP level 3. HP: 21/33 MP: 2/2
  1843 | D:2      | Found Waesyo's Book Boutique.
  1850 | D:2      | Reached ** piety under Trog
  2016 | D:2      | Reached skill level 3 in Dodging
  2179 | D:2      | Reached XP level 4. HP: 38/40 MP: 3/3
  2481 | D:3      | Found a bloodstained altar of Trog.
  2481 | D:3      | Found a blossoming altar of Fedhas.
  2481 | D:3      | Found a radiant altar of Vehumet.
  2481 | D:3      | Found a shimmering altar of Xom.
  2490 | D:3      | Found a sacrificial altar of Ru.
  2601 | D:3      | Found a burning altar of Makhleb.
  3236 | D:3      | Reached XP level 5. HP: 43/47 MP: 4/4
  3525 | D:4      | Reached skill level 5 in Axes
  3642 | D:4      | Found a staircase to the Ecumenical Temple.
  3703 | D:4      | Noticed a black bear
  3704 | D:4      | Reached *** piety under Trog
  3726 | D:4      | Killed a black bear
  3727 | D:4      | Reached skill level 6 in Axes
  4081 | D:4      | HP: 11/47 [gnoll/+0 flail (8)]
  4085 | D:4      | Reached XP level 6. HP: 12/53 MP: 5/5
  4420 | D:4      | HP: 9/53 [orc priest/divine providence (12)]
  4424 | D:4      | HP: 4/79 [orc priest/+0 mace (3)]
  4427 | D:4      | Slain by an orc wizard

Vanquished Creatures
  A black bear (D:4)
  An orc priest (D:4)
  An orc wizard (D:4)
  A hound skeleton (D:3)
  2 gnolls
  2 adders
  A shadow imp (D:4)
  3 dart slugs
  21 orcs
  8 ball pythons
  A bat (D:2)
  7 endoplasms
  A giant cockroach (D:4)
  18 goblins
  10 hobgoblins
  2 jackals (D:1)
  10 kobolds
  A quokka (D:1)
  2 frilled lizards
  A quokka skeleton (D:4)
  3 rats
97 creatures vanquished.

Table legend:
 A = Non-vault XP
 B = Vault XP
 C = Vault XP percentage of total XP
 D = Non-vault monster count
 E = Vault monster count
 F = Vault count percentage of total count
                 A         B        C        D         E       F
            +---------+---------+-------+---------+---------+-------
      Total |     413 |      61 |  12.9 |      73 |      24 |  24.7
            +---------+---------+-------+---------+---------+-------
        D:1 |      47 |       4 |   7.8 |      18 |       2 |  10.0
        D:2 |      45 |      22 |  32.8 |      16 |      11 |  40.7
        D:3 |      93 |       3 |   3.1 |      27 |       2 |   6.9
        D:4 |     228 |      32 |  12.3 |      12 |       9 |  42.9
            +---------+---------+-------+---------+---------+-------

Illustrated notes

Table legend:
 A = Kills in this place as a percentage of kills in entire the game.
 B = Kills by you in this place as a percentage of kills by you in the entire game.
 C = Kills by friends in this place as a percentage of kills by friends in the entire game.
 D = Other kills in this place as a percentage of other kills in the entire game.
 E = Experience gained in this place as a percentage of experience gained in the entire game.
 F = Experience gained in this place divided by the number of levels of this place that you have seen.
                   A       B       C       D       E      F
               +-------+-------+-------+-------+-------+----------------------
         Total | 100.0 | 100.0 |   N/A |   N/A | 100.0 | 118.5
       Dungeon | 100.0 | 100.0 |   N/A |   N/A | 100.0 | 118.5
               +-------+-------+-------+-------+-------+----------------------

Table legend: (Time is in decaauts)
 A = Elapsed time spent in this place.
 B = Non-inter-level travel time spent in this place.
 C = Inter-level travel time spent in this place.
 D = Time resting spent in this place.
 E = Time spent auto-exploring this place.
 F = Levels seen in this place.
 G = Mean time per level.
                   A        B        C        D        E       F      G
               +--------+--------+--------+--------+--------+-----+--------+
         Total |   4455 |   4321 |    134 |      0 |   3804 |   4 | 1113.8 |
       Dungeon |   4455 |   4321 |    134 |      0 |   3804 |   4 | 1113.8 |
               +--------+--------+--------+--------+--------+-----+--------+

Top non-repeatable levels by time:
     D:1: 1666 daAuts
     D:4: 1070 daAuts
     D:3: 895 daAuts
     D:2: 823 daAuts
